 Dungeon Crawl Stone Soup version 0.27.1-37-g7b29ead8ac (webtiles) character file.

Game seed: 9610567618216171780

111556 tkbsonic5 the Fighter (level 16, -6/133 HPs)
             Began as a Barachi Fighter on Sept 23, 2023.
             Was a High Priest of Okawaru.
             Mangled by a merfolk (12 damage)
             ... on level 3 of the Shoals on Oct 20, 2023.
             The game lasted 01:38:27 (27984 turns).

tkbsonic5 the Fighter (Barachi Fighter)            Turns: 27984, Time: 01:38:28

Health: -6/133     AC: 28    Str: 34      XL:     16   Next: 58%
Magic:  30/31      EV: 17    Int: 14 (15) God:    Okawaru [*****.]
Gold:   1114       SH:  0    Dex: 22      Spells: 15/15 levels left

rFire    . . .     SeeInvis .   G - +11 battleaxe of Firi Zou {vorpal, Will+ Str+5 Dex+4}
rCold    . . .     Faith    .   (shield currently unavailable)
rNeg     . . .     Spirit   .   Q - +2 plate armour
rPois    +         Reflect  .   (no helmet)
rElec    .         Harm     .   w - +2 cloak {rPois}
rCorr    .         Rampage  .   S - +1 pair of gloves of the Scribe {Regen+ Dex+5}
Will     +++..                  t - +0 pair of boots
Stlth    ..........             (no amulet)
HPRegen  0.00/turn              s - ring of the Scarab {Drain rPois MP+9 Int+6 Slay+3}
MPRegen  0.22/turn              e - +6 ring of strength

@: heroic, inhibited regen, slow
A: amphibious, slowness 1, strong legs 2, +LOS, hooves 1, deterioration 1,
strong-willed 1, inhibited regeneration
a: Hop, Renounce Religion, Heroism, Finesse


You were on level 3 of the Shoals.
You worshipped Okawaru.
Okawaru was extremely pleased with you.
You visited 5 branches of the dungeon, and saw 23 of its levels.
You also visited: Ossuary.

You collected 2375 gold pieces.
You spent 1261 gold pieces at shops.

Inventory:

Hand Weapons
 g - a +2 spear of flaming
 k - a +2 demon trident of electrocution {(3,14+++) Victoria's Ladder}
 p - a +2 arbalest of flaming
 z - a +1 vampiric trident {(4+, 13++)}
 A - the +4 war axe "Egoomag" {venom, rN+}
   (You bought it in a shop on level 2 of the Orcish Mines)

   It poisons the flesh of those it strikes.
   rN:        It protects you from negative energy.
 G - the +11 battleaxe of Firi Zou (weapon) {vorpal, Will+ Str+5 Dex+4}
   (You found it on level 5 of the Lair of Beasts)

   It inflicts extra damage upon your enemies.
   Str:       It affects your strength (+5).
   Dex:       It affects your dexterity (+4).
   Will:      It increases your willpower.
 N - a +6 spear of venom
 R - a +0 antimagic broad axe
Missiles
 f - 5 javelins
 m - 49 poisoned darts
 n - 43 boomerangs
 r - 78 bolts
 x - 17 silver javelins (quivered)
 E - a silver boomerang
 P - a curare-tipped dart
 T - 5 datura-tipped darts
 Y - 4 throwing nets
Armour
 c - a +3 kite shield
 t - a +0 pair of boots (worn)
 w - a +2 cloak of poison resistance (worn)
 Q - a +2 plate armour (worn)
 S - the +1 pair of gloves of the Scribe (worn) {Regen+ Dex+5}
   (Okawaru gifted it to you on level 6 of the Lair of Beasts)

   Dex:       It affects your dexterity (+5).
   Regen:     It increases your rate of health regeneration.
Magical Staves
 U - a staff of poison
 V - a staff of death
 W - a staff of conjuration
 X - a staff of earth
Jewellery
 e - a +6 ring of strength (right hand)
 s - the ring of the Scarab (left hand) {Drain rPois MP+9 Int+6 Slay+3}
   (You acquired it on level 3 of the Dungeon)

   [ring of intelligence]

   Int:       It affects your intelligence (+6).
   Slay:      It affects your accuracy & damage with ranged weapons and melee
   (+3).
   rPois:     It protects you from poison.
   MP:        It affects your magic capacity (+9).
   Drain:     It drains your maximum health when unequipped.
 D - a ring of willpower
 H - a ring of see invisible
Wands
 b - a wand of paralysis (4)
 i - a wand of flame (18)
 j - a wand of acid (9)
 l - a wand of polymorph (11)
 F - a wand of iceblast (16)
 I - a wand of charming (10)
 J - a wand of digging (7)
 L - a wand of mindburst (13)
Scrolls
 u - 4 scrolls of identify
 C - a scroll of teleportation
 K - 4 scrolls of amnesia
Potions
 d - a potion of berserk rage
 h - 2 potions of flight
 M - 2 potions of magic
 Z - a potion of might
Miscellaneous
 q - a condenser vane
 y - a piece from Xom's chessboard (15/15)


   Skills:
 + Level 14.1(19.1) Fighting
 * Level 4.8(14.6) Axes
 - Level 11.8(17.1) Polearms
 + Level 10.8(15.8) Throwing
 * Level 13.4(18.4) Armour
 + Level 6.6(11.6) Dodging
 - Level 12.3(17.3) Shields
 + Level 8.9 Invocations
 + Level 11.0 Evocations


You had 15 spell levels left.
You didn't know any spells.
Your spell library contained the following spells:

 Spells                   Type           Power      Damage    Failure   Level
 Foxfire                  Conj/Fire      0%         2x1d4     73%         1
 Magic Dart               Conj           0%         1d3       73%         1
 Corpse Rot               Necr/Air       N/A        N/A       86%         2
 Ensorcelled Hibernation  Hex/Ice        0%         N/A       86%         2
 Passwall                 Tmut/Erth      0%         N/A       86%         2
 Static Discharge         Conj/Air       0%         N/A       86%         2
 Sublimation of Blood     Necr           0%         N/A       86%         2
 Conjure Flame            Conj/Fire      0%         6-21      97%         3
 Dazzling Flash           Conj/Hex       0%         N/A       97%         3
 Ignite Poison            Fire/Tmut/Pois 0%         N/A       97%         3
 Inner Flame              Hex/Fire       0%         N/A       97%         3
 Spider Form              Tmut/Pois      0%         N/A       97%         3
 Swiftness                Air            0%         N/A       97%         3
 Tukima's Dance           Hex            0%         N/A       97%         3
 Vampiric Draining        Necr           0%         2d6       97%         3
 Dispel Undead            Necr           0%         3d6       100%        4
 Fulminant Prism          Conj/Hex       0%         3d6       100%        4
 Iskenderun's Mystic Bla  Conj/Tloc      0%         2d3       100%        4
 Leda's Liquefaction      Hex/Erth       0%         N/A       100%        4
 Olgreb's Toxic Radiance  Pois           0%         N/A       100%        4
 Passage of Golubria      Tloc           N/A        N/A       100%        4
 Bolt of Magma            Conj/Fire/Erth 0%         4d4       100%        5
 Lightning Bolt           Conj/Air       0%         1d11      100%        5
 Yara's Violent Unravell  Hex/Tmut       0%         3d3       100%        5
 Death Channel            Necr           0%         N/A       100%        6
 Eringya's Noxious Bog    Tmut/Pois      0%         N/A       100%        6
 Invisibility             Hex            0%         N/A       100%        6
 Shadow Creatures         Summ           N/A        N/A       100%        6
 Starburst                Conj/Fire      0%         6d3       100%        6
 Statue Form              Tmut/Erth      0%         N/A       100%        6
 Spellforged Servitor     Conj/Summ      0%         N/A       100%        7
 Maxwell's Capacitive Co  Air            0%         ∞         100%        8
 Fire Storm               Conj/Fire      0%         5d1       100%        9


Dungeon Overview and Level Annotations

Branches:
Dungeon (11/15)            Temple (1/1) D:5            Lair (6/6) D:8
 Shoals (3/4) Lair:3        Slime (0/5) Lair:5          Orc (2/2) D:10
    Elf (0/3) Orc:2       Ossuary (visited)
  Snake: Lair:2-4    Spider: Lair:2-4

Altars:
Ashenzari
Dithmenos
Elyvilon
Fedhas
Gozag
Hepliaklqana
Kikubaaqudgha
Makhleb
Nemelex Xobeh
Okawaru
Qazlal
Ru
Sif Muna
Trog
Uskayaw
Vehumet
Wu Jian
Xom
Yredelemnul
The Shining One
Jiyva

Shops:
D:1 :(*   D:2 [   D:7 (   D:9 *   Orc:2 *:[(:   Shoals:1 *

Annotations:
Lair:3 exclusion: 2 oklob plants
Shoals:3 Donald


Innate Abilities, Weirdness & Mutations

You are amphibious.
You cover ground slowly.
You can hop long distances.
You have an extended range of vision and can be seen from far away.
You have large cloven feet.
Your body sometimes deteriorates upon taking damage.
You are strong-willed. (Will+)
You do not regenerate when monsters are visible.


Message History

The merfolk impaler is almost dead.
You slash the merfolk! x2
You feel very sick.
Donald mumbles some strange words.
Donald seems to speed up.
The merfolk hits you from afar with a +0 halberd!
* * * LOW HITPOINT WARNING * * *
Your body deteriorates!
You feel dopey.
The merfolk hits you but does no damage.
The merfolk impaler misses you. The merfolk closely misses you.
You feel better.
Donald mumbles some strange words.
Donald seems to grow stronger.
The merfolk impaler completely misses you.
The merfolk closely misses you.
The merfolk hits you but does no damage.
The merfolk impaler hits you with a +1 trident of venom.
* * * LOW HITPOINT WARNING * * *
The merfolk barely misses you.
You slice the merfolk impaler!!
You kill the merfolk impaler!
Okawaru accepts your kill.
You hear a splash. x2
You hit the merfolk.
You kill the merfolk!
Okawaru accepts your kill.
You hear a splash.
You slash the manticore! You slice the merfolk!! The manticore bites you.
* * * LOW HITPOINT WARNING * * *
The manticore barely misses you. The manticore claws you.
* * * LOW HITPOINT WARNING * * *
The merfolk closely misses you.
The merfolk hits you but does no damage.
You hit the merfolk but do no damage.
The merfolk is almost dead.
You slice the manticore!!
You kill the manticore!
Okawaru accepts your kill.
The merfolk hits you from afar with a +0 halberd!
You die...

≈≈≈≈≈≈≈≈≈≈≈≈≈≈≈..
≈≈≈≈≈≈≈≈≈≈≈≈≈≈≈≈(≈
≈.≈≈≈≈≈≈≈≈≈≈≈$≈≈≈?≈
..≈≈≈≈≈≈≈≈≈≈≈≈≈≈≈≈≈
..#.≈≈≈≈≈≈≈≈≈≈≈.$(≈≈
..#.≈≈≈≈≈≈≈≈≈≈....≈
.)≈≈≈≈≈≈≈≈≈≈m@).#
.≈≈≈≈≈≈≈≈≈≈))≈..#.≈≈
≈≈≈≈≈≈≈≈≈≈≈@m≈≈..≈≈≈
≈≈≈≈≈≈≈≈≈≈≈≈≈≈≈≈≈≈≈≈
≈≈≈≈≈≈≈≈≈≈≈≈≈≈≈≈≈≈≈≈
≈≈≈≈≈≈≈≈≈≈≈≈≈≈≈≈≈≈≈≈
≈≈≈≈≈≈≈≈≈≈≈≈≈≈≈≈≈≈≈≈
.≈≈≈≈≈≈≈≈≈≈≈≈≈≈≈≈≈≈≈
...)≈≈≈≈≈≈≈≈≈≈≈≈≈≈..
......≈≈≈≈≈≈≈≈≈≈≈.##
≈......≈≈≈≈≈≈≈≈≈≈≈.##


You could see Donald (fast, strong) and 2 merfolk.

Vanquished Creatures
  Nikola (Shoals:2)
  A kraken (Shoals:1)
  Polyphemus (Shoals:2)
  2 sphinxes (D:9)
  A fenstrider witch (Shoals:2)
  A stone giant (Orc:2)
  A dire elephant (Lair:5)
  A merfolk javelineer (Shoals:2)
  3 ettins (Orc:2)
  3 merfolk impalers
  The ghost of tkbsonic5 the Covert, a journeyman NaDe of Yredelemnul (Lair:1)
  5 hydras
  A centaur warrior (D:9)
  2 merfolk avatars
  2 two-headed ogres
  2 alligator snapping turtles (Shoals:2)
  Erica (D:9)
  A catoblepas (Shoals:2)
  A dancing weapon (Lair:1)
  An orc high priest (Orc:1)
  2 satyrs (Shoals:2)
  11 death yaks
  Urug (Lair:6)
  A tengu warrior (D:9)
  5 sea snakes
  A fire crab (D:9)
  Pikel (D:5)
  An orc knight (Orc:2)
  2 deep elf pyromancers (D:9)
  9 harpies
  An orb spider (Lair:3)
  3 orc sorcerers (Orc:1)
  A deep elf zephyrmancer (D:9)
  10 cyclopes
  24 fauns
  4 manticores
  5 merfolk sirens
  Joseph (D:7)
  5 elephants (Lair:6)
  6 black mambas
  4 water nymphs
  22 cane toads
  An unseen horror (D:11)
  3 torpor snails
  A kobold demonologist (D:9)
  6 rime drakes
  9 komodo dragons
  13 merfolk
  3 trolls
  A meliai (D:9)
  6 polar bears
  A slime creature (D:9)
  Prince Ribbit (D:8)
  6 wind drakes
  19 blink frogs
  4 hornets
  6 snapping turtles
  6 dream sheep
  33 yaks
  3 wyverns
  A water elemental (Shoals:1)
  2 steam dragons
  A warg (Orc:2)
  2 acid dragons
  27 water moccasins
  A swamp drake (Lair:4)
  2 ice beasts (D:8)
  2 sky beasts
  20 orc warriors
  A hornet zombie (D:9)
  7 ogres
  6 black bears
  6 centaurs
  8 wolves (Lair:4)
  A lemure (D:5)
  A kobold brigand (D:7)
  19 bullfrogs
  3 scorpions
  2 water moccasin zombies
  2 water moccasin skeletons (D:6)
  11 killer bees
  8 wights
  4 electric eels
  5 howler monkeys
  A jelly (D:5)
  A bullfrog zombie (D:5)
  12 orc priests
  3 hounds
  Crazy Yiuf (D:3)
  A bullfrog skeleton (D:7)
  A centaur skeleton (D:6)
  2 iguanas (D:6)
  25 orc wizards
  8 mummies (Ossuary)
  A howler monkey zombie (D:10)
  3 gnolls (D:4)
  22 adders
  An adder zombie (D:5)
  2 worms
  A dart slug (D:1)
  81 orcs
  4 bats
  7 endoplasms
  2 giant cockroaches (D:2)
  2 gnoll zombies (Ossuary)
  7 goblins
  6 hobgoblins
  4 jackals (D:2)
  4 quokkas
  8 ball pythons
  5 frilled lizards
  A hobgoblin zombie (Ossuary)
  19 kobolds
  3 kobold zombies (Ossuary)
  2 orc zombies (Ossuary)
  5 rats
  4 tentacles (Shoals:1)
665 creatures vanquished.

Vanquished Creatures (collateral kills)
  A water moccasin (Lair:3)
1 creature vanquished.

Vanquished Creatures (others)
  An orc warrior (Orc:2)
  A tengu (Lair:3)
  An orc wizard (Orc:2)
  2 adders (Lair:4)
  An orc (Orc:2)
  100 fungi
  123 plants
  13 tentacles (Shoals:1)
242 creatures vanquished.

Grand Total: 908 creatures vanquished

Notes
Turn   | Place    | Note
-------+----------+-------------------------------------------
     0 | D:1      | tkbsonic5 the Barachi Fighter began the quest for the Orb.
     0 | D:1      | Reached XP level 1. HP: 18/18 MP: 1/1
   150 | D:1      | Reached XP level 2. HP: 24/25 MP: 2/2
   160 | D:1      | Found Weshrurae's General Store.
   164 | D:1      | Found Fymas's Weapon Shoppe.
   197 | D:1      | Bought 5 curare-tipped darts for 33 gold pieces
   527 | D:1      | Found Zapt's Book Boutique.
  1016 | D:2      | Found Eseluf's Armour Emporium.
  1041 | D:2      | Reached skill level 4 in Fighting
  1041 | D:2      | Reached XP level 3. HP: 23/30 MP: 3/3
  1700 | D:2      | Reached XP level 4. HP: 37/37 MP: 4/4
  1787 | D:3      | Identified 2 scrolls of acquirement
  1787 | D:3      | Acquired the ring of the Scarab {Drain rPois MP+9 Int+6
                  | Slay+3}
  1790 | D:3      | Acquired a +2 demon trident of electrocution
  1988 | D:3      | Reached skill level 1 in Throwing
  2146 | D:3      | Found a faded altar of an unknown god.
  2415 | D:3      | Found a runed translucent door.
  2416 | D:3      | Noticed Crazy Yiuf
  2422 | D:3      | Killed Crazy Yiuf
  2423 | D:3      | Reached skill level 1 in Polearms
  2555 | D:4      | Got Zeikoir's Handbook of Nocuous Hexes
  2629 | D:4      | Reached XP level 5. HP: 38/42 MP: 5/5
  3656 | D:4      | Reached XP level 6. HP: 49/49 MP: 6/6
  3685 | D:4      | Noticed an orc warrior
  3847 | D:4      | Killed an orc warrior
  3858 | D:4      | Reached skill level 5 in Fighting
  4102 | D:5      | Entered Level 5 of the Dungeon
  4362 | D:5      | Reached skill level 5 in Shields
  4362 | D:5      | Reached XP level 7. HP: 56/56 MP: 7/7
  4507 | D:5      | Reached skill level 5 in Armour
  4697 | D:5      | Found a staircase to the Ecumenical Temple.
  4704 | Temple   | Entered the Ecumenical Temple
  4848 | Temple   | Became a worshipper of Warmaster Okawaru
  5295 | D:5      | Reached skill level 6 in Fighting
  5295 | D:5      | Reached XP level 8. HP: 63/64 MP: 8/8
  5311 | D:5      | Noticed Pikel
  5324 | D:5      | Killed Pikel
  5325 | D:5      | Reached skill level 1 in Dodging
  5325 | D:5      | Reached skill level 1 in Invocations
  5325 | D:5      | Reached skill level 1 in Evocations
  5962 | D:6      | Reached * piety under Okawaru
  5963 | D:6      | Reached XP level 9. HP: 41/71 MP: 10/10
  6164 | D:6      | Found a broken altar of Ashenzari.
  6357 | D:6      | Reached skill level 7 in Fighting
  6357 | D:6      | Reached skill level 5 in Polearms
  6837 | D:6      | Found an ancient bone altar of Kikubaaqudgha.
  6840 | D:6      | Found a sparkling altar of Nemelex Xobeh.
  6842 | D:6      | Found a burning altar of Makhleb.
  6970 | D:6      | Reached ** piety under Okawaru
  7158 | D:7      | Found a sand-covered staircase.
  7172 | Ossuary  | Entered an ossuary
  7445 | D:7      | Found Pihicent's Weapon Emporium.
  7490 | D:7      | Noticed Joseph
  7497 | D:7      | Killed Joseph
  7501 | D:7      | Reached skill level 5 in Throwing
  7509 | D:7      | Reached XP level 10. HP: 66/80 MP: 11/11
  7723 | D:7      | Reached *** piety under Okawaru
  7734 | D:7      | Reached skill level 8 in Fighting
  8323 | D:8      | Noticed a two-headed ogre
  8508 | D:8      | Killed a two-headed ogre
  8508 | D:8      | Reached **** piety under Okawaru
  8693 | D:8      | Received a gift from Okawaru
  8716 | D:8      | Found a staircase to the Lair.
  8731 | D:8      | Received a gift from Okawaru
  9032 | D:8      | Noticed Prince Ribbit
  9039 | D:8      | Killed Prince Ribbit
  9108 | D:8      | Found a hide-covered altar of Uskayaw.
  9418 | D:2      | Bought a +0 plate armour for 253 gold pieces
  9584 | D:9      | Reached XP level 11. HP: 87/87 MP: 13/13
  9639 | D:9      | Noticed a centaur warrior
  9646 | D:9      | Killed a centaur warrior
  9647 | D:9      | Reached skill level 9 in Fighting
  9989 | D:9      | Noticed Erica
  9994 | D:9      | Killed Erica
 10234 | D:9      | Found Jenujegg's Elemental Accessories.
 10241 | D:9      | Bought a wand of iceblast (4) for 120 gold pieces
 10362 | D:9      | Noticed a deep elf pyromancer
 10367 | D:9      | Killed a deep elf pyromancer
 10534 | D:9      | Noticed a soul eater
 10561 | D:9      | Noticed a deep elf pyromancer
 10561 | D:9      | Noticed a tengu warrior
 10585 | D:9      | Killed a tengu warrior
 10585 | D:9      | Reached ***** piety under Okawaru
 10585 | D:9      | Received a gift from Okawaru
 10589 | D:9      | Killed a deep elf pyromancer
 10665 | D:9      | Noticed a deep elf zephyrmancer
 10678 | D:9      | Killed a deep elf zephyrmancer
 10687 | D:9      | Noticed a fire crab
 10692 | D:9      | Killed a fire crab
 10869 | D:9      | Noticed a sphinx
 10878 | D:9      | Killed a sphinx
 10879 | D:9      | Reached skill level 10 in Fighting
 10879 | D:9      | Reached XP level 12. HP: 49/97 MP: 15/15
 10915 | D:9      | Noticed a sphinx
 10924 | D:9      | Killed a sphinx
 10924 | D:9      | Received a gift from Okawaru
 10925 | D:9      | Reached skill level 10 in Armour
 10925 | D:9      | Reached skill level 5 in Evocations
 11489 | D:10     | Entered Level 10 of the Dungeon
 11523 | D:10     | Gained mutation: You have large cloven feet. [potion of
                  | mutation]
 11524 | D:10     | Lost mutation: You have large cloven feet. [potion of
                  | mutation]
 11524 | D:10     | Gained mutation: You occasionally shout uncontrollably at
                  | your foes. [potion of mutation]
 11525 | D:10     | Lost mutation: You occasionally shout uncontrollably at
                  | your foes. [potion of mutation]
 11525 | D:10     | Gained mutation: You do not regenerate when monsters are
                  | visible. [potion of mutation]
 11525 | D:10     | Gained mutation: Your movements are slightly less
                  | encumbered by armour. (ER -2) [potion of mutation]
 11688 | D:10     | Noticed a two-headed ogre
 11706 | D:10     | Killed a two-headed ogre
 11761 | D:10     | Found a staircase to the Orcish Mines.
 11852 | D:10     | Identified the +2 robe "Ogorreul" {Int+2}
 12144 | D:10     | You fall into a shaft and drop 1 floor!
 13010 | D:11     | Noticed an eight-headed hydra
 13023 | D:11     | Killed an eight-headed hydra
 13044 | D:11     | Reached skill level 10 in Shields
 13346 | D:11     | Received a gift from Okawaru
 14105 | Lair:1   | Entered Level 1 of the Lair of Beasts
 14189 | Lair:1   | Received a gift from Okawaru
 14190 | Lair:1   | Reached skill level 11 in Fighting
 14190 | Lair:1   | Gained mutation: You can hop long distances. [Barachi
                  | growth]
 14190 | Lair:1   | Reached XP level 13. HP: 71/106 MP: 16/16
 14332 | Lair:1   | Found a runed translucent door.
 14333 | Lair:1   | Found a shimmering altar of Xom.
 14333 | Lair:1   | Noticed tkbsonic5's ghost (journeyman NaDe)
 15046 | Lair:1   | Reached skill level 5 in Invocations
 15050 | Lair:1   | Received a gift from Okawaru
 15568 | Lair:1   | Killed tkbsonic5's ghost
 15568 | Lair:1   | Received a gift from Okawaru
 16254 | Lair:2   | Identified the +5 steam dragon scales of the Jackalope
                  | {rCorr Dex+2 Stlth+} (Okawaru gifted it to you on level 2
                  | of the Lair of Beasts)
 16254 | Lair:2   | Received a gift from Okawaru
 16685 | Lair:3   | Found a staircase to the Shoals.
 17070 | Lair:3   | Got Tuvuk's Volume of the Sinister Entourage
 17260 | Lair:3   | Identified the +1 pair of boots of Pamud {Harm rN+ Str+9
                  | Int-3} (Okawaru gifted it to you on level 3 of the Lair of
                  | Beasts)
 17260 | Lair:3   | Received a gift from Okawaru
 17528 | Lair:3   | Reached XP level 14. HP: 114/114 MP: 18/18
 18236 | Lair:4   | Identified the +9 short sword "Manuekh" {freeze, rElec rC+
                  | Str+2 Dex+4}
 18279 | Lair:4   | Reached skill level 12 in Fighting
 18526 | Lair:4   | Reached skill level 10 in Polearms
 19442 | Lair:5   | Identified the +11 battleaxe of Firi Zou {vorpal, Will+
                  | Str+5 Dex+4}
 19452 | Lair:5   | Found a staircase to the Slime Pits.
 19453 | Lair:5   | Found a viscous altar of Jiyva.
 19590 | Lair:5   | Identified the +1 scale mail of the Pink Corner {rN+ Will+
                  | Slay-3}
 19895 | Lair:6   | Entered Level 6 of the Lair of Beasts
 20625 | Lair:6   | Noticed a dire elephant
 20941 | Lair:5   | Killed a dire elephant
 20969 | Lair:6   | Identified the +1 pair of gloves of the Scribe {Regen+
                  | Dex+5} (Okawaru gifted it to you on level 6 of the Lair of
                  | Beasts)
 20969 | Lair:6   | Received a gift from Okawaru
 20977 | Lair:6   | Paralysed by a hornet for 1 turns
 21547 | Lair:6   | Reached skill level 10 in Throwing
 21808 | Lair:6   | Noticed Urug
 21815 | Lair:6   | Killed Urug
 22234 | Lair:6   | Got the Guide on Scorching Conjuration
 22267 | Lair:6   | Gained mutation: You are strong-willed. (Will+) [potion of
                  | mutation]
 22267 | Lair:6   | Lost mutation: Your movements are slightly less encumbered
                  | by armour. (ER -2) [potion of mutation]
 22267 | Lair:6   | Gained mutation: Your magical capacity is low. (-10% MP)
                  | [potion of mutation]
 23220 | Orc:1    | Entered Level 1 of the Orcish Mines
 23248 | Orc:1    | Reached XP level 15. HP: 122/122 MP: 18/18
 23648 | Orc:2    | Entered Level 2 of the Orcish Mines
 23762 | Orc:2    | Found Diomopn's Antique Weapon Boutique.
 23788 | Orc:2    | Bought a dazzling war axe for 255 gold pieces
 23788 | Orc:2    | Identified the +4 war axe "Egoomag" {venom, rN+} (You
                  | bought it in a shop on level 2 of the Orcish Mines)
 23788 | Orc:2    | Bought a glowing arbalest for 225 gold pieces
 23872 | Orc:2    | Found Xapuyg's Antique Armour Shoppe.
 23889 | Orc:2    | Reached skill level 13 in Fighting
 23893 | Orc:2    | Reached skill level 5 in Dodging
 23895 | Orc:2    | Received a gift from Okawaru
 24128 | Orc:2    | Found Ubremyhonoo's Book Boutique.
 24186 | Orc:2    | Found Vapadiuq's General Store.
 24202 | Orc:2    | Bought a ring of willpower for 375 gold pieces
 24208 | Orc:2    | Found a staircase to the Elven Halls.
 24302 | Orc:2    | Found Dulydoxt's Book Emporium.
 24555 | Shoals:1 | Entered Level 1 of the Shoals
 24687 | Shoals:1 | Noticed a kraken
 24707 | Shoals:1 | Received a gift from Okawaru
 24731 | Shoals:1 | Killed a kraken
 24814 | Shoals:1 | Reached skill level 10 in Evocations
 25203 | Shoals:1 | Lost mutation: Your magical capacity is low. (-10% MP)
                  | [potion of mutation]
 25203 | Shoals:1 | Gained mutation: Your body sometimes deteriorates upon
                  | taking damage. [potion of mutation]
 25203 | Shoals:1 | Gained mutation: You have large cloven feet. [potion of
                  | mutation]
 25246 | Shoals:1 | Found Garoti's Overcharged Wands.
 25618 | Shoals:1 | Received a gift from Okawaru
 25803 | Shoals:2 | Noticed Polyphemus
 25848 | Shoals:1 | Received a gift from Okawaru
 25900 | Shoals:2 | Killed Polyphemus
 25901 | Shoals:2 | Reached XP level 16. HP: 98/132 MP: 22/22
 26221 | Shoals:2 | Received a gift from Okawaru
 26267 | Shoals:2 | Noticed Nikola
 26286 | Shoals:2 | Killed Nikola
 26415 | Shoals:2 | Noticed a fenstrider witch
 26429 | Shoals:2 | Killed a fenstrider witch
 26765 | Shoals:2 | Received a gift from Okawaru
 26766 | Shoals:2 | Reached skill level 14 in Fighting
 26788 | Shoals:2 | HP: 2/133 [satyr/sling bullet (25)]
 26795 | Shoals:2 | HP: 6/133 [merfolk impaler (2)]
 27978 | Shoals:3 | Noticed Donald
 27983 | Shoals:3 | HP: 6/133 [manticore (5)]
 27984 | Shoals:3 | Mangled by a merfolk

Illustrated notes

Levels and vault maps discovered:
D:1:      dpeg_arrival_pits, layout_basic, serial_shops,
          nicolae_shop_waterfront, shop, shop
D:2:      layout_basic, serial_shops, shop_statue
D:3:      layout_loops_cross, shapermc_ecumenical_altar_mp_vishouse,
          uniq_crazy_yiuf_cottage
D:4:      layout_basic, serial_rivers, chequers_serial_rivers_marsh,
          chequers_serial_rivers_large_b, chequers_serial_rivers_micro_c,
          chequers_serial_rivers_micro_e, minmay_statues_item
D:5:      layout_loops_corners, gammafunk_temple_overflow_wave,
          minmay_temple_entry_proselytizer, uniq_pikel
D:6:      layout_loops_corners, mainiacjoe_overflow_paths, minitemple,
          minmay_misc_feat_plants, chequers_mini_garden, minmay_crystal_room
D:7:      layout_basic, nicolae_ossuary_entry_monument, serial_shops, shop,
          grunt_ministairs_13, kennysheep_generic_room_5, uniq_joseph
D:8:      layout_rooms, mainiacjoe_overflow_alcove_4,
          due_lair_maze_entry_diamond, grunt_ministairs_5, uniq_prince_ribbit1
D:9:      minmay_sliced_demisemicircle, layout_loops_corners,
          nicolae_elemental_shop, uniq_erica
D:10:     layout_cave_pools, hiddenorc1_lemuel
D:11:     layout_layer_cave
Temple:   regret_index_temple_waves
Lair:1:   layout_layer_cave, ebering_ghost_xom, minivault_23
Lair:2:   layout_chaotic_city
Lair:3:   layout_layer_cave, minmay_shoals_entry_centaurs,
          minmay_lair_oklob_chamber, grunt_megastairs_3,
          infiniplex_staircase_pool, serial_bayou_shore_a, serial_bayou_shore_b
Lair:4:   lemuel_reptile_caves, layout_hall_layers, spider_nest_entry_web_field,
          minivault_19, nicolae_lair_grove_arrangements,
          chequers_serial_rivers_room_a
Lair:5:   layout_concentric_octagons, slime_altar_1, cheibrodos_lair_lostbears
Lair:6:   gammafunk_lair_ancient_temple, layout_regular_city, st_stairs_10,
          guppyfry_lair_drakes, uniq_urug
Shoals:1: layout_shoals, nicolae_shop_overcharged_wands
Shoals:2: layout_shoals, nicolae_shoals_beach_house_on_fowls_legs, uniq_nikola,
          uniq_polyphemus
Shoals:3: layout_shoals, argonaut_gorgonesque, uniq_donald
Orc:1:    layout_caves
Orc:2:    grunt_orc_gardens, layout_caves, grunt_orc_garden, grunt_orc_garden,
          grunt_orc_garden, grunt_orc_garden, serial_shops, shop

Skill      XL: |  1  2  3  4  5  6  7  8  9 10 11 12 13 14 15 16 |
---------------+-------------------------------------------------+-----
Fighting       | 4 5 6 7 8 10 11 12 13 14 | 14.1
Axes           | 3 4 |  4.8
Armour         | 4 5 6 7 8 9 10 11 12 13 | 13.4
Throwing       | 1 2 3 5 6 7 8 9 10 | 10.8
Polearms       | 1 2 3 4 5 6 7 8 9 10 11 | 11.8
Shields        | 4 5 6 7 8 9 10 11 12 | 12.3
Dodging        | 1 2 3 4 5 6 |  6.6
Invocations    | 1 2 3 4 5 7 8 |  8.9
Evocations     | 1 2 3 4 6 7 9 10 11 | 11.0

Action                   |  1- 3 |  4- 6 |  7- 9 | 10-12 | 13-15 | 16-18 || total
-------------------------+-------+-------+-------+-------+-------+-------++-------
Melee: War axe           |   109 |     5 |       |       |       |       ||   114
       Demon trident     |       |    98 |   156 |   396 |   798 |       ||  1448
       Battleaxe         |       |       |       |       |     8 |    55 ||    63
       Trident           |       |       |       |       |   261 |    60 ||   321
       Spear             |       |       |       |       |       |    38 ||    38
Throw: Dart              |    25 |    51 |    10 |    22 |   107 |     2 ||   217
       Boomerang         |       |       |    81 |    64 |   141 |    21 ||   307
       Throwing net      |       |       |       |     1 |       |     3 ||     4
       Javelin           |       |       |       |       |    47 |    46 ||    93
Invok: Heroism           |       |       |     2 |    11 |    20 |     6 ||    39
       Finesse           |       |       |       |     4 |    10 |     3 ||    17
 Abil: Hop               |       |       |       |     3 |     5 |     3 ||    11
Evoke: Wand              |       |       |       |    20 |    13 |    11 ||    44
       Condenser vane    |       |       |       |       |     1 |     1 ||     2
       Piece from Xom's  |       |       |       |       |     1 |     1 ||     2
  Use: Scroll            |       |     8 |     6 |    13 |     4 |     6 ||    37
       Potion            |       |     5 |     3 |    11 |    12 |    12 ||    43
 Stab: Invisible         |       |     1 |       |     2 |    33 |       ||    36
       Confused          |       |       |       |       |     1 |       ||     1
       Petrified         |       |       |       |       |     1 |       ||     1
Armor: Scale mail        |    63 |    50 |    51 |    26 |       |       ||   190
       Plate armour      |       |       |       |   106 |   356 |    94 ||   556
Dodge: Dodged            |    33 |    26 |    34 |    91 |   297 |    99 ||   580
Block: Kite shield       |    50 |    52 |    68 |   225 |   747 |    92 ||  1234
